 Dungeon Crawl Stone Soup version 0.26.1-11-gd32895ea62 (webtiles) character file.

Game seed: 5078932312543576973

118 RepoMan the Caller (level 4, 0/30 HPs)
             Began as a Mummy Summoner on July 24, 2021.
             Killed by divine providence
             ... invoked by an orc priest
              (10 damage)
             ... on level 4 of the Dungeon.
             The game lasted 00:27:09 (3720 turns).

RepoMan the Caller (Mummy Summoner)                 Turns: 3720, Time: 00:27:10

Health: 0/30       AC:  4    Str: 11    XL:     4   Next: 72%
Magic:  3/10       EV: 12    Int: 15    God:
Gold:   159        SH:  0    Dex: 12    Spells: 2/11 levels left

rFire    x . .     SeeInvis .   k - +4 quarterstaff (chaos)
rCold    + . .     Faith    .   (shield currently unavailable)
rNeg     + + +     Spirit   .   a - +0 robe
rPois    ∞         Reflect  .   f - +1 helmet
rElec    .         Harm     .   (no cloak)
rCorr    .         Rampage  .   (no gloves)
Will     .....                  (no boots)
Stlth    ++........             (no amulet)
HPRegen  0.10/turn              (no ring)
MPRegen  0.12/turn              (no ring)

@: no status effects
A: no potions, fire vulnerability, cold resistance 1, negative energy resistance
3, torment resistance, unbreathing
a: no special abilities


You were on level 4 of the Dungeon.
You visited 1 branch of the dungeon, and saw 4 of its levels.

You collected 159 gold pieces.

Inventory:

Hand Weapons
 k - a +4 quarterstaff of chaos (weapon)
Armour
 a - a +0 robe (worn)
 f - a +1 helmet (worn)
 l - a +0 cloak
Wands
 j - a wand of random effects (11)
Scrolls
 b - 2 scrolls of fear {unknown}
 c - a scroll of enchant weapon {unknown}
 d - a scroll of fog {unknown}
 e - 2 scrolls of teleportation {unknown}
 g - 2 scrolls of identify {unknown}
 h - a scroll of immolation {unknown}
 i - a scroll of enchant armour {unknown}


   Skills:
 - Level 1.5 Dodging
 - Level 1.5 Stealth
 + Level 4.1 Spellcasting
 * Level 4.5 Summonings


You had 2 spell levels left.
You knew the following spells:

 Your Spells              Type           Power        Failure   Level
a - Summon Small Mammal   Summ           64%          2%          1
c - Call Canine Familiar  Summ           16%          9%          3
g - Summon Guardian Gole  Hex/Summ       9%           22%         3
i - Call Imp              Summ           16%          4%          2

Your spell library contained the following spells:

 Spells                   Type           Power        Failure   Level
 Summon Ice Beast         Ice/Summ       9%           56%         4
 Summon Lightning Spire   Summ/Air       9%           56%         4


Dungeon Overview and Level Annotations

Branches:
Dungeon (4/15)
 Temple: D:4-7

Altars:

Annotations:
D:2 Sigmund


Innate Abilities, Weirdness & Mutations

You do not drink.
Your flesh is vulnerable to fire.
You are immune to poison.
Your flesh is cold resistant. (rC+)
You are immune to negative energy. (rN+++)
You are immune to unholy pain and torment.
You can survive without breathing.


Message History

You swap places.
The worker ant bites your iron imp but does no damage.
Your white imp gestures at the worker ant.
The puff of frost hits the worker ant!
Your iron imp hits the worker ant but does no damage.
Unknown command.
What are your orders? t - Shout!
Orders for allies: a - Attack new target. r - Retreat! s - Stop attacking. g - Guard the area. f - Follow me.
Anything else - Cancel.
Gang up on whom?
Press: ? - help, Dir - move target, f - worker ant
Aim: a worker ant (almost dead) Attack!
The worker ant bites your iron imp.
Unknown command.
The orc priest invokes the aid of Beogh against you.
Beogh smites you!
You die...

♣....♣ #.....#....
#....# #.....###..
###'..'####.....#####
.....................
......†.........##### .
...o..........### .#.
.....###o..#########....
#....##..#o#.5........#
........##..B5..@.....#
..5.....5###.5...B....#
.....###..............#
.#...# ##............##
.###......##.........#
...######.........# ##.
######..### .# ###


You could see a worker ant, an orc priest, a giant cockroach, a friendly iron
imp (summoned), a friendly white imp (summoned) and a friendly shadow imp
(summoned).

Vanquished Creatures (collateral kills)
  Crazy Yiuf (D:4)
  A bullfrog skeleton (D:4)
  2 adders (D:2)
  3 gnolls (D:2)
  3 worms
  4 dart slugs
  3 leopard geckos
  4 orcs (D:3)
  A ball python (D:4)
  7 bats
  3 giant cockroaches
  10 goblins
  10 hobgoblins
  8 jackals
  7 kobolds
  6 frilled lizards
  9 rats
82 creatures vanquished.

Vanquished Creatures (others)
  A plant (D:1)
1 creature vanquished.

Grand Total: 83 creatures vanquished

Notes
Turn   | Place    | Note
-------+----------+-------------------------------------------
     0 | D:1      | RepoMan the Mummy Summoner began the quest for the Orb.
     0 | D:1      | Reached XP level 1. HP: 13/13 MP: 4/4
   683 | D:1      | Reached XP level 2. HP: 19/19 MP: 1/6
   709 | D:1      | Learned a level 2 spell: Call Imp
  1868 | D:2      | Reached XP level 3. HP: 24/24 MP: 0/7
  1911 | D:2      | Learned a level 3 spell: Call Canine Familiar
  2135 | D:2      | Noticed Sigmund
  2506 | D:3      | Reached XP level 4. HP: 30/30 MP: 6/9
  2514 | D:3      | Learned a level 3 spell: Summon Guardian Golem
  3533 | D:4      | Found a runed translucent door.
  3570 | D:4      | Noticed Crazy Yiuf
  3600 | D:4      | Killed Crazy Yiuf
  3720 | D:4      | Killed from afar by an orc priest

Illustrated notes

Levels and vault maps discovered:
D:1:      heliophobic_arrival_dark_side_of_the_moon, layout_basic,
          serial_forest, infiniplex_forest_lined_2,
          infiniplex_forest_clump_small, infiniplex_forest_zigzag_1,
          infiniplex_forest_end_3, infiniplex_forest_clump_double,
          infiniplex_forest_clump_tiny, infiniplex_forest_clump_tiny,
          infiniplex_forest_corner_1, minmay_statues_item
D:2:      layout_basic, minmay_unequal, uniq_sigmund
D:3:      layout_loops_ring
D:4:      layout_rooms, kennysheep_mini, elyvilon_altar_3,
          uniq_crazy_yiuf_cottage

Skill      XL: |  1  2  3  4 |
---------------+-------------+-----
Spellcasting   | 3 4 |  4.1
Summonings     | 4 |  4.5
Dodging        | |  1.5
Stealth        | |  1.5

Action                   |  1- 3 |  4- 6 || total
-------------------------+-------+-------++-------
Melee: Unarmed           |     4 |     1 ||     5
       Quarterstaff      |       |     3 ||     3
 Cast: Summon Small Mamm |    70 |     4 ||    74
       Call Imp          |    28 |    26 ||    54
       Call Canine Famil |       |     2 ||     2
 Stab: Sleeping          |       |     1 ||     1
Armor: Robe              |    15 |    11 ||    26
Dodge: Dodged            |    52 |    12 ||    64
